 Dungeon Crawl Stone Soup version 0.24-a0-582-g4d4af81 (webtiles) character file.

Game seed: 17723145592368843588

238 Nithhogg the Skirmisher (level 6, -2/55 HPs)
             Began as a Hill Orc Fighter on Aug 27, 2019.
             Slain by a +2 morningstar of electrocution (8 damage)
             ... created by the wrath of Beogh
             ... on level 3 of the Dungeon.
             The game lasted 00:07:23 (2307 turns).

Nithhogg the Skirmisher (Hill Orc Fighter)          Turns: 2307, Time: 00:07:24

Health: -2/55      AC: 10    Str: 24    XL:     6   Next: 7%
Magic:  6/6        EV:  8    Int:  8    God:
Gold:   117        SH: 10    Dex: 10    Spells: 5/5 levels left

rFire    . . .     SeeInvis .   a - +0 flail
rCold    . . .     Gourm    .   c - +0 shield
rNeg     . . .     Faith    .   b - +0 scale mail
rPois    .         Spirit   .   d - +2 helmet
rElec    .         Reflect  .   (no cloak)
rCorr    .         Harm     .   (no gloves)
MR       .....                  (no boots)
Stlth    ..........             (no amulet)
HPRegen  0.18/turn              i - +3 ring of strength
MPRegen  0.10/turn              (no ring)

@: no status effects
A: no striking features
a: no special abilities


You were on level 3 of the Dungeon.
You were not hungry.

You visited 1 branch of the dungeon, and saw 3 of its levels.

You collected 117 gold pieces.

Inventory:

Hand Weapons
 a - a +0 flail (weapon)
Armour
 b - a +0 scale mail (worn)
 c - a +0 shield (worn)
 d - a +2 helmet (worn)
Jewellery
 i - a +3 ring of strength (left hand)
 m - an uncursed ring of stealth {unknown}
 p - an uncursed amulet of the gourmand {unknown}
Scrolls
 e - a scroll of noise {unknown}
 g - 2 scrolls of identify {unknown}
 h - 2 scrolls of teleportation
 l - a scroll of amnesia {unknown}
Potions
 j - 2 potions of curing
 k - a potion of invisibility {unknown}
 n - a potion of brilliance {unknown}
 o - a potion of mutation {unknown}
 q - a potion of degeneration {unknown}
Comestibles
 f - 7 rations


   Skills:
 + Level 4.8 Fighting
 + Level 3.5 Maces & Flails
 + Level 4.3 Armour
 + Level 1.9 Dodging
 + Level 4.3 Shields


You had 5 spell levels left.
You didn't know any spells.
Your spell library was empty.

Dungeon Overview and Level Annotations

Branches:
Dungeon (3/15)

Altars:
Nemelex Xobeh
Trog
Yredelemnul
Beogh


Message History

The +2 morningstar of electrocution hits you but does no damage.
The +2 halberd of electrocution hits you.
The orc barely misses you.
You closely miss the orc. The orc barely misses you.
The +2 morningstar of electrocution hits you but does no damage.
You are electrocuted!!
You block the +2 halberd of electrocution's attack.
You barely miss the orc. The orc hits you with a +0 mace.
You closely miss the orc.
The +2 halberd of electrocution hits you.
You block the +2 morningstar of electrocution's attack.
The orc hits you with a +0 mace.
You barely miss the orc. The orc closely misses you.
The +2 morningstar of electrocution hits you.
The +2 halberd of electrocution hits you.
You are electrocuted!
* * * LOW HITPOINT WARNING * * *
You hit the orc but do no damage. You block the orc's attack.
The +2 morningstar of electrocution hits you!
You die...

########## ###
#......((# ..#
#.######@# #.#
###.######o# ###
#.## #.......##o#
#..
#..####.#.###.##o#
#.# ........#.#
#.# #.#
.....####.. ..#
#.# #...## #...
... #######.#
##.## #.### #.#
#.......# #.# #.#
#.# #.#######


You could see 2 dancing weapons and 3 orcs.

Vanquished Creatures
  A bullfrog skeleton (D:3)
  Jessica (D:3)
  Robin (D:2)
  3 gnolls (D:3)
  3 adders (D:2)
  2 oozes
  3 worms
  A dart slug (D:2)
  A leopard gecko (D:2)
  A ball python (D:3)
  4 giant cockroaches
  18 goblins
  16 hobgoblins
  5 jackals
  3 quokkas (D:2)
  10 bats
  4 frilled lizards
  8 kobolds
  6 rats
91 creatures vanquished.

Notes
Turn   | Place    | Note
-------+----------+-------------------------------------------
     0 | D:1      | Nithhogg the Hill Orc Fighter began the quest for the Orb.
     0 | D:1      | Reached XP level 1. HP: 19/19 MP: 1/1
    80 | D:1      | Reached XP level 2. HP: 18/27 MP: 2/2
   348 | D:1      | Reached XP level 3. HP: 33/33 MP: 3/3
   404 | D:1      | Found a sparkling altar of Nemelex Xobeh.
   983 | D:2      | Reached skill level 1 in Dodging
  1066 | D:2      | Reached XP level 4. HP: 19/40 MP: 4/4
  1080 | D:2      | Noticed Robin
  1128 | D:2      | Killed Robin
  1319 | D:2      | Found a bloodstained altar of Trog.
  1359 | D:2      | Found a faded altar of an unknown god.
  1453 | D:2      | Became a worshipper of Beogh the Brigand
  1453 | D:2      | Reached * piety under Beogh
  1454 | D:2      | Fell from the grace of Beogh
  1456 | D:2      | Found a basalt altar of Yredelemnul.
  1459 | D:2      | Reached XP level 5. HP: 47/47 MP: 5/5
  2103 | D:3      | Noticed Jessica
  2118 | D:3      | Killed Jessica
  2118 | D:3      | Reached XP level 6. HP: 41/55 MP: 6/6
  2298 | D:3      | Noticed a +2 halberd of electrocution
  2298 | D:3      | Noticed a +2 morningstar of electrocution
  2307 | D:3      | Slain by a +2 morningstar of electrocution

Levels and vault maps discovered:
D:1:      dpeg_arrival_brainrot, layout_basic, nemelex_diamond_rough_becter
D:2:      layout_basic, marbit_many_paths, yredelemnul_altar_generic,
          chequers_ecumenical_altar_simple_redux, minmay_misc_feat_nine_boxes,
          kennysheep_minor_cross, minmay_octomino_c4, uniq_robin
D:3:      layout_loops_corners, lemuel_doored_altar,
          chequers_serial_rivers_micro_a, uniq_jessica

Skill      XL: |  1  2  3  4  5 |
---------------+----------------+-----
Fighting       | 4 |  4.8
Dodging        | 1 |  1.9
Maces & Flails | 3 |  3.5
Shields        | 4 |  4.3
Armour         | 4 |  4.3

Action                   |  1- 3 |  4- 6 || total
-------------------------+-------+-------++-------
Melee: Flail             |   103 |   211 ||   314
Invok: Renounce Religion |       |     1 ||     1
  Use: Potion            |     1 |     5 ||     6
       Scroll            |       |     1 ||     1
  Eat: Chunk             |     1 |     4 ||     5
Armor: Scale mail        |    57 |   118 ||   175
Dodge: Dodged            |    53 |   103 ||   156
Block: Shield            |    69 |   157 ||   226

Table legend:
 A = Non-vault XP
 B = Vault XP
 C = Vault XP percentage of total XP
 D = Non-vault monster count
 E = Vault monster count
 F = Vault count percentage of total count
                 A         B        C        D         E       F
            +---------+---------+-------+---------+---------+-------
      Total |     244 |      96 |  28.2 |      69 |      22 |  24.2
            +---------+---------+-------+---------+---------+-------
        D:1 |      41 |       5 |  10.9 |      22 |       1 |   4.3
        D:2 |      98 |      54 |  35.5 |      33 |      20 |  37.7
        D:3 |     105 |      37 |  26.1 |      14 |       1 |   6.7
            +---------+---------+-------+---------+---------+-------
